Map: Línea Aguablanca EE

Players

CacaSeca - Winner!

  • Race: Terran Terran
  • Spawn Location: 7:00

MrFercho

  • Race: Zerg Zerg
  • League: Silver
  • Spawn Location: 12:00

TATORREA

  • Race: Protoss Protoss
  • League: Silver
  • Spawn Location: 1:00

tigro

  • Race: Terran Terran
  • Spawn Location: 1:00

VOD

Have the link to the VOD?

Description

Time

  • Played on: May 4, 2020, 9:16 p.m.
  • Length: 19:33
Show
View Real Time Build Order
Export as new Build Order

CacaSeca Terran - Winner!

Build Orders: Mech 

Get SALT Encoding   

  12  0:01  SCV  
  13  0:14  SCV  
  14  0:18  Supply Depot  
  14  0:26  SCV  
  15  0:40  SCV  
  15  0:41  Barracks  
  16  0:51  Barracks  
  16  0:53  SCV  
  17  0:59  Refinery  
  17  1:06  SCV  
  18  1:18  SCV  
  19  1:31  Orbital Command  
  19  1:34  Marine  
  20  1:40  Marine  
  20  1:45  Bunker  
  21  1:52  Marine  
  22  1:58  Supply Depot, SCV  
  23  2:20  Command Center, Marine x2  
  25  2:25  SCV  
  26  2:44  Factory  
  26  2:50  Barracks Tech Lab  
  26  2:51  Barracks Reactor  
  26  2:57  SCV, Refinery  
  27  3:10  SCV  
  28  3:16  Command Center  
  28  3:22  Supply Depot, SCV  
  29  3:34  Factory  
  29  3:40  Orbital Command  
  29  3:51  SCV  
  30  3:59  Siege Tank  
  33  4:03  SCV  
  33  4:08  SCV  
  33  4:09  Supply Depot  
  35  4:15  SCV  
  36  4:17  Armory  
  36  4:20  SCV  
  37  4:26  Starport  
  37  4:28  SCV  
  38  4:32  SCV  
  38  4:38  Widow Mine x2  
  44  4:40  SCV  
  44  4:41  Orbital Command  
  44  4:44  SCV  
  45  4:52  SCV  
  46  4:56  SCV  
  46  4:59  Supply Depot  
  47  5:04  SCV  
  47  5:05  Drilling Claws  
  48  5:07  SCV  
  48  5:08  SCV  
  48  5:12  Refinery x2  
  50  5:16  SCV  
  50  5:20  SCV  
  52  5:23  Terran Vehicle And Ship Armor Level 1  
  52  5:24  Siege Tank  
  52  5:25  Engineering Bay  
  55  5:28  Supply Depot  
  55  5:29  SCV x2  
  55  5:32  SCV  
  57  5:46  Widow Mine  
  57  5:47  Widow Mine  
  60  5:55  SCV x2  
  62  6:00  Orbital Command  
  62  6:07  SCV x2  
  62  6:08  Command Center  
  64  6:19  SCV  
  64  6:24  SCV  
  66  6:29  Command Center  
  66  6:31  Factory, SCV  
  67  6:33  Factory  
  67  6:35  Factory  
  67  6:40  SCV x2  
  67  6:45  Refinery  
  67  6:46  SCV  
  70  6:50  Refinery  
  70  6:51  Widow Mine  
  69  7:04  Missile Turret  
  69  7:06  SCV x2  
  71  7:09  SCV  
  72  7:16  Missile Turret  
  72  7:18  SCV x2  
  72  7:21  Factory Reactor x2, SCV  
  75  7:25  Missile Turret, Orbital Command  
  75  7:30  SCV x2  
  75  7:32  Siege Tank  
  75  7:33  SCV  
  75  7:34  Widow Mine  
  75  7:36  Factory Reactor  
  83  7:38  Widow Mine, Missile Turret  
  83  7:42  SCV x2, Missile Turret  
  87  7:47  Orbital Command  
  87  7:53  SCV x2  
  89  7:59  SCV x2  
  89  8:01  Widow Mine x4  
  89  8:02  Widow Mine x2  
  89  8:04  Siege Tank, Terran Vehicle Weapons Level 1  
  106  8:24  Missile Turret  
  106  8:28  SCV  
  106  8:32  Missile Turret  
  107  8:35  Widow Mine  
  107  8:36  Widow Mine x5  
  107  8:37  Widow Mine  
  107  8:40  SCV  
  122  8:45  Missile Turret  
  122  8:47  Factory x2  
  122  8:49  Factory  
  122  8:54  Missile Turret  
  122  8:57  Orbital Command  
  122  9:04  Supply Depot x2  
  122  9:05  Supply Depot  
  122  9:06  Supply Depot, Missile Turret  
  122  9:08  SCV  
  123  9:15  Missile Turret  
  123  9:20  Refinery  
  123  9:21  Refinery  
  123  9:25  Widow Mine, SCV  
  123  9:26  Siege Tank, SCV x3, Widow Mine x3  
  123  9:27  Widow Mine x2  
  123  9:28  Orbital Command  
  123  9:29  Missile Turret  
  135  9:47  Widow Mine x2  
  135  9:50  Factory Tech Lab x2  
  135  9:51  Factory Tech Lab  
  139  9:55  SCV x4  
  146  10:06  Missile Turret  
  146  10:08  Missile Turret  
  146  10:10  Thor x2  
  146  10:11  Missile Turret  
  146  10:12  Missile Turret x2  
  155  10:15  Supply Depot  
  155  10:16  Supply Depot  
  155  10:18  Supply Depot  
  155  10:23  Thor  
  115  10:49  Widow Mine  
  118  10:50  Widow Mine x6  
  118  10:52  SCV x3, Refinery  
  118  10:54  Refinery  
  127  10:58  Command Center  
  127  11:02  SCV x2  
  129  11:04  SCV  
  129  11:07  Armory, SCV x2  
  129  11:10  Widow Mine x2  
  129  11:11  Widow Mine  
  138  11:13  Widow Mine x3  
  138  11:14  SCV  
  138  11:15  Widow Mine x2  
  138  11:16  Thor  
  155  11:26  Thor  
  155  11:31  Missile Turret  
  161  11:35  Terran Vehicle Weapons Level 2  
  161  11:41  Thor  
  163  11:51  Thor  
  163  11:52  Missile Turret  
  163  11:53  Widow Mine x5  
  179  12:01  Supply Depot  
  179  12:03  Supply Depot  
  173  12:24  Thor  
  173  12:25  Thor  
  185  12:30  Thor, Widow Mine  
  185  12:31  Widow Mine x2  
  195  12:47  Widow Mine x2  
  197  13:04  Widow Mine x2  
  197  13:19  Widow Mine x6  
  180  13:32  Widow Mine x3  
  180  13:33  Widow Mine x2  
  168  14:03  Widow Mine x4  
  170  14:21  SCV  
  171  14:52  Supply Depot x2  
  171  14:54  Supply Depot  
  171  14:55  Supply Depot, Command Center  
  171  14:57  Command Center  
  171  14:59  Supply Depot x2, Command Center  
  171  15:00  Supply Depot  
  171  15:02  Supply Depot  
  171  15:03  Supply Depot, Widow Mine x3  
  171  15:07  Terran Vehicle And Ship Armor Level 2  
  171  15:08  Thor  
  171  15:10  Terran Vehicle Weapons Level 3, SCV x2  
  171  15:11  Widow Mine x2  
  171  15:13  Thor  
  171  15:14  Thor, Widow Mine x2  
  179  15:16  Widow Mine  
  183  15:35  Widow Mine x6  
  195  15:59  Refinery  
  195  16:00  Refinery  
  182  16:21  Orbital Command  
  182  16:23  Command Center  
  179  16:45  Orbital Command  
  179  16:53  Thor x3  
  197  16:54  Widow Mine  
  193  18:22  Widow Mine x3  
  199  18:32  Orbital Command  
  199  18:42  Command Center  
  199  18:43  Command Center  
Show
View Real Time Build Order
Export as new Build Order

MrFercho Zerg 

Build Orders: Pool First, Muta Ling Bane 

Get SALT Encoding   

  12  0:07  Drone  
  13  0:14  Overlord  
  13  0:30  Drone  
  14  0:47  Spawning Pool, Drone x3  
  16  1:01  Drone  
  17  1:16  Drone  
  17  1:17  Extractor  
  17  1:35  Hatchery  
  16  1:40  Drone x2  
  16  1:46  Drone  
  19  1:56  Zergling x2  
  20  2:12  Hatchery  
  20  2:14  Drone x2  
  21  2:15  Extractor  
  20  2:34  Metabolic Boost  
  20  2:42  Roach Warren  
  19  2:51  Baneling Nest  
  19  2:52  Drone x2  
  19  2:53  Drone  
  19  2:57  Drone  
  22  3:17  Drone x2  
  22  3:19  Lair  
  24  3:37  Roach  
  24  3:38  Roach  
  28  3:48  Drone x3  
  31  4:10  Roach  
  31  4:11  Zergling x2  
  34  4:28  Overlord  
  34  4:46  Hatchery  
  34  4:48  Hatchery  
  34  4:49  Spire  
  31  4:53  Drone x3  
  31  4:55  Spire  
  33  5:14  Extractor  
  32  5:26  Hatchery  
  31  5:29  Hatchery  
  30  5:36  Infestation Pit  
  29  6:07  Extractor  
  29  6:10  Drone  
  29  6:11  Drone x2  
  31  6:38  Glial Reconstitution  
  31  6:44  Zerg Flyer Armor Level 1, Zerg Flyer Weapons Level 1  
  31  6:55  Drone x3  
  31  6:56  Drone x2  
  36  7:05  Mutalisk x3  
  36  7:06  Mutalisk  
  36  7:07  Overlord  
  44  7:19  Drone x3  
  44  7:20  Drone x2  
  49  7:26  Overlord  
  49  7:37  Centrifical Hooks  
  49  7:42  Drone x2  
  51  8:08  Drone x9  
  60  8:31  Roach x9  
  78  8:52  Hive  
  78  8:55  Zerg Flyer Weapons Level 2, Zerg Flyer Armor Level 2  
  78  9:07  Evolution Chamber  
  77  9:10  Evolution Chamber  
  77  9:13  Evolution Chamber  
  77  9:15  Drone  
  77  9:16  Drone x4  
  77  9:17  Drone  
  81  9:27  Overlord x3  
  81  9:28  Overlord x4  
  56  10:00  Pneumatized Carapace  
  56  10:07  Zerg Melee Weapons Level 1, Zerg Ground Armor Level 1, Zerg Missile Weapons Level 1  
  56  10:20  Queen  
  58  10:29  Burrow  
  58  10:51  Mutalisk x4  
  58  10:52  Mutalisk x5  
  76  11:00  Mutalisk  
  76  11:01  Mutalisk x11  
  100  11:36  Mutalisk  
  100  11:37  Mutalisk x8  
  117  12:45  Mutalisk  
  117  12:46  Mutalisk x9  
  128  12:58  Overseer  
  122  13:06  Zergling x2  
  122  13:07  Zergling x12  
  58  14:29  Corruptor  
  58  14:30  Mutalisk x2  
  58  14:31  Mutalisk x9  
  64  14:36  Mutalisk x2  
  30  16:52  Mutalisk x9  
  48  17:18  Hatchery  
  47  17:26  Extractor, Hatchery  
  47  17:29  Extractor  
  44  17:30  Extractor  
  44  17:31  Extractor  
  42  17:43  Drone x2  
  42  17:44  Drone x7  
  24  18:12  Overseer  
  20  18:27  Mutalisk x3  
  20  18:28  Mutalisk x3  
  20  18:29  Overseer  
Show
View Real Time Build Order
Export as new Build Order

TATORREA Protoss 

Build Orders:  

Get SALT Encoding   

  12  0:01  Probe  
  13  0:24  Probe  
  14  0:31  Pylon  
  14  0:36  Pylon  
  15  0:42  Probe  
  15  0:54  Probe  
  16  1:00  Gateway  
  16  1:02  Gateway  
  16  1:07  Probe  
  17  1:11  Assimilator  
  17  1:19  Probe  
  18  1:28  Gateway  
  18  1:31  Probe  
  19  1:47  Assimilator  
  19  1:48  Probe  
  20  2:00  Cybernetics Core  
  20  2:05  Probe  
  20  2:07  Gateway  
  21  2:17  Zealot x2  
  21  2:20  Zealot  
  27  2:28  Probe  
  28  2:40  Pylon  
  28  2:47  Stargate  
  28  2:51  Stalker  
  30  2:59  Stalker  
  30  3:04  Warp Gate  
  32  3:18  Probe  
  33  3:22  Stalker  
  33  3:23  Stalker  
  37  3:30  Probe  
  38  4:01  Pylon  
  38  4:04  Probe  
  38  4:06  Pylon  
  39  4:16  Pylon  
  39  4:17  Oracle (Chrono Boost)  
  39  4:19  Stalker  
  44  4:31  Stalker  
  44  4:32  Stalker  
  44  4:34  Stalker  
  44  4:38  Probe  
  51  4:51  Probe  
  52  5:14  Probe  
  53  5:26  Probe  
  54  5:34  Nexus  
  54  5:38  Assimilator  
  54  5:40  Assimilator  
  54  6:02  Void Ray  
  58  6:07  Stalker x2  
  62  6:19  Pylon  
  62  6:22  Pylon  
  62  6:25  Pylon, Probe  
  63  6:32  Pylon  
  63  6:37  Probe  
  64  6:49  Probe  
  65  7:10  Stalker x2  
  65  7:11  Stalker x2  
  65  7:14  Void Ray  
  77  7:19  Probe  
  78  7:23  Probe  
  79  7:31  Probe  
  80  7:44  Probe  
  81  7:47  Robotics Facility  
  81  7:54  Twilight Council  
  81  7:55  Probe  
  82  8:07  Stalker x3, Probe  
  82  8:12  Stalker  
  91  8:19  Probe  
  92  8:25  Forge  
  92  8:31  Probe  
  92  8:33  Charge  
  93  8:42  Robotics Bay  
  93  8:43  Probe  
  94  9:06  Nexus  
  94  9:07  Void Ray  
  94  9:09  Assimilator  
  98  9:13  Assimilator  
  95  9:26  Immortal  
  99  9:31  Stalker  
  99  9:32  Stalker x2  
  99  9:36  Stalker  
  107  10:08  Protoss Ground Weapons Level 1  
  107  10:17  Void Ray, Pylon  
  111  10:23  Pylon  
  111  10:27  Protoss Air Weapons Level 1, Pylon  
  105  10:34  Pylon  
  87  10:41  Pylon  
  67  11:00  Void Ray  
  71  11:05  Extended Thermal Lance  
  71  11:07  Colossus  
  77  11:12  Probe  
  77  11:16  Probe  
  79  11:25  Probe  
  80  11:28  Fleet Beacon, Probe  
  81  11:38  Stargate  
  81  11:40  Probe  
  81  11:41  Stargate  
  81  11:42  Stargate  
  81  11:43  Void Ray  
  81  11:44  Stargate  
  81  11:46  Gateway  
  86  11:49  Gateway  
  86  11:50  Gateway  
  86  11:52  Gateway  
  64  11:54  Gateway  
  64  11:58  Stalker x2  
  64  11:59  Stalker  
  64  12:00  Stalker  
  72  12:09  Colossus  
  64  12:17  Protoss Ground Armor Level 1  
  62  12:25  Void Ray  
  60  12:35  Protoss Air Armor Level 1  
  60  12:36  Stalker  
  62  12:37  Stalker  
  62  12:38  Stalker  
  62  12:40  Stalker  
  84  12:49  Stalker x2  
  84  12:50  Stalker x2  
  84  13:03  Colossus  
  78  13:06  Stalker  
  78  13:08  Void Ray  
  84  13:16  Stalker x2  
  84  13:17  Stalker  
  68  13:33  Stalker  
  68  13:51  Void Ray  
  25  14:16  Colossus  
  25  14:19  Stalker  
  25  14:20  Stalker x2  
  25  14:21  Stalker  
  29  14:25  Protoss Shields Level 1  
  28  14:34  Tempest  
  29  14:48  Stalker  
  20  15:09  Colossus  
  7  16:03  Colossus  
  7  16:56  Colossus  
Show
View Real Time Build Order
Export as new Build Order

tigro Terran 

Build Orders:  

Get SALT Encoding   

  12  0:04  SCV  
  13  0:16  SCV  
  14  0:25  Supply Depot  
  14  0:33  SCV  
  15  0:40  Refinery  
  15  0:47  SCV  
  16  0:59  SCV  
  16  1:03  Barracks  
  17  1:11  SCV  
  18  1:23  SCV  
  18  1:25  Supply Depot  
  19  1:35  SCV  
  19  1:38  Refinery  
  20  1:47  SCV  
  21  1:58  Marine  
  21  1:59  SCV  
  21  2:00  Engineering Bay  
  23  2:16  Marine  
  23  2:20  Barracks  
  24  2:23  SCV  
  25  2:34  Marine  
  25  2:35  SCV  
  27  2:47  SCV  
  28  2:51  Marine  
  28  2:53  Command Center  
  29  2:59  Terran Infantry Weapons Level 1  
  29  3:09  Marine  
  30  3:20  Barracks Tech Lab  
  30  3:30  Barracks Tech Lab  
  30  3:33  Orbital Command  
  30  3:54  Refinery  
  30  3:56  Combat Shield  
  30  3:57  Factory  
  30  3:59  Stimpack  
  30  4:05  Marauder  
  32  4:18  Planetary Fortress  
  32  4:26  Refinery  
  32  4:27  Marauder  
  34  4:40  Marine  
  35  4:48  Marauder  
  35  4:50  Factory Tech Lab  
  37  4:58  Marine  
  38  5:05  Terran Infantry Armor Level 1  
  38  5:09  Armory  
  38  5:15  Concussive Shells  
  38  5:16  Marine  
  38  5:21  SCV  
  40  5:33  SCV  
  40  5:34  Marine  
  42  5:45  SCV  
  43  5:52  Marine  
  44  5:57  SCV  
  44  6:01  Supply Depot  
  45  6:09  SCV  
  46  6:21  SCV  
  47  6:32  Missile Turret  
  47  6:59  Neosteel Armor  
  47  7:05  Missile Turret  
  47  7:24  SCV  
  47  7:26  Missile Turret  
  48  7:34  Terran Vehicle Weapons Level 1  
  48  7:36  SCV  
  49  7:47  Missile Turret  
  49  7:48  SCV  
  50  8:01  SCV  
  52  8:05  SCV  
  52  8:06  Missile Turret  
  52  8:13  SCV  
  53  8:25  SCV  
  54  8:27  Missile Turret  
  54  8:29  Starport  
  54  8:37  SCV  
  54  8:39  Thor  
  61  8:48  Missile Turret  
  61  8:49  Infernal Pre-Igniter, SCV  
  62  9:01  SCV  
  63  9:08  Starport Tech Lab  
  63  9:13  SCV  
  64  9:29  Terran Vehicle And Ship Armor Level 1  
  64  9:33  Missile Turret  
  64  9:55  Missile Turret  
  64  9:57  Fusion Core  
  64  10:08  Mag-Field Accelerator  
  64  10:16  Missile Turret  
  42  10:53  Missile Turret  
  42  11:13  Missile Turret  
  42  11:23  Terran Ship Weapons Level 1  
  42  11:48  Drilling Claws  
Tags
 
Add a new tag
Caveats
  • Supply blocks, unpowered buildings, or Contaminate may cause inaccurate times.
  • Supply counts are checked every 10 seconds.